 Dungeon Crawl Stone Soup version 0.28-a0-401-ge240ad9e29 (webtiles) character file.

Game seed: 17673529171622077276

8619 porpoise the Jinx (level 11, -6/63 HPs)
             Began as a Deep Elf Conjurer on Sept 4, 2021.
             Was a Believer of Vehumet.
             Mangled by a two-headed ogre (25 damage)
             ... on level 10 of the Dungeon.
             The game lasted 00:52:55 (12691 turns).

porpoise the Jinx (Deep Elf Conjurer)              Turns: 12691, Time: 00:52:56

Health: -6/63      AC: 16    Str: 11    XL:     11   Next: 12%
Magic:  4/23       EV: 16    Int: 29    God:    Vehumet [**....]
Gold:   651        SH:  5    Dex: 17    Spells: 2/24 levels left

rFire   . . .      SeeInvis .   b - +0 hunting sling
rCold   + . .      Faith    .   w - +0 buckler
rNeg    + . .      Spirit   .   N - +0 steam dragon scales
rPois   .          Reflect  .   U - +2 helmet
rElec   .          Harm     .   i - +0 cloak
rCorr   .          Rampage  .   I - +5 pair of gloves of Rationality {rC+ Str+7 Int-3 Dex+3}
Will    +....                   R - +0 pair of boots
Stlth   +++.......              B - amulet of the acrobat
HPRegen 0.20/turn               k - +6 ring of intelligence
MPRegen 0.18/turn               A - ring of positive energy

@: slowed, very slow
A: no striking features
a: Renounce Religion


You were on level 10 of the Dungeon.
You worshipped Vehumet.
Vehumet was pleased with you.
You visited 2 branches of the dungeon, and saw 12 of its levels.
You also visited: Sewer.

You collected 651 gold pieces.

Inventory:

Hand Weapons
 a - a +3 short sword of venom
 b - a +0 hunting sling (weapon)
 S - a +4 short sword of freezing
Missiles
 c - 359 stones
 d - 13 poisoned darts
 f - 64 bolts
 C - 2 curare-tipped darts
 L - 39 sling bullets (quivered ammo)
Armour
 i - a +0 cloak (worn)
 w - a +0 buckler (worn)
 I - the +5 pair of gloves of Rationality (worn) {rC+ Str+7 Int-3 Dex+3}
   (You found it on level 6 of the Dungeon)

   Str:       It affects your strength (+7).
   Int:       It affects your intelligence (-3).
   Dex:       It affects your dexterity (+3).
   rC:        It protects you from cold.
 N - +0 steam dragon scales (worn)
 R - a +0 pair of boots (worn)
 U - a +2 helmet (worn)
Jewellery
 h - a ring of protection from cold
 k - a +6 ring of intelligence (left hand)
 x - a +6 ring of strength
 A - a ring of positive energy (right hand)
 B - an amulet of the acrobat (around neck)
 D - a +6 ring of dexterity
Wands
 g - a wand of flame (42)
 u - a wand of acid (26)
 y - a wand of digging (11)
 F - a wand of polymorph (30)
 K - a wand of paralysis (10)
 P - a wand of mindburst (13)
 V - a wand of iceblast (13)
Scrolls
 e - 5 scrolls of teleportation
 l - a scroll of acquirement {unknown}
 p - 2 scrolls of enchant weapon
 r - a scroll of summoning {unknown}
 t - 3 scrolls of fear {unknown}
 E - a scroll of amnesia {unknown}
 G - a scroll of brand weapon {unknown}
 Q - a scroll of magic mapping
 T - 3 scrolls of silence {unknown}
Potions
 j - 6 potions of heal wounds
 m - a potion of haste
 n - 2 potions of flight
 o - 5 potions of curing
 q - a potion of resistance
 s - a potion of cancellation
 v - a potion of mutation
 H - a potion of berserk rage
 J - 2 potions of might
 M - 2 potions of attraction
 O - a potion of invisibility


   Skills:
 - Level 5.0 Fighting
 - Level 7.0 Dodging
 + Level 4.1 Stealth
 - Level 4.0 Shields
 + Level 7.0 Spellcasting
 - Level 7.0 Conjurations
 - Level 9.0 Hexes
 - Level 7.0 Summonings
 - Level 7.0 Translocations
 - Level 5.0 Evocations


You had 2 spell levels left.
You knew the following spells:

 Your Spells              Type           Power      Damage    Failure   Level
a - Magic Dart            Conj           100%       1d8       1%          1
b - Searing Ray           Conj           100%       3d7       1%          2
c - Fulminant Prism       Conj/Hex       27%        3d14      1%          4
d - Iskenderun's Mystic   Conj/Tloc      50%        2d11      2%          4
n - Invisibility          Hex            29%        N/A       19%         6
v - Summon Mana Viper     Hex/Summ       54%        N/A       5%          5

Your spell library contained the following spells:

 Spells                   Type           Power      Damage    Failure   Level
 Conjure Flame            Conj/Fire      30%        6-21      3%          3
 Apportation              Tloc           100%       N/A       1%          1
 Animate Skeleton         Necr           20%        N/A       4%          1
 Freeze                   Ice            40%        1d6       4%          1
 Pain                     Necr           40%        1d6       4%          1
 Dazzling Flash           Conj/Hex       100%       N/A       1%          3
 Cause Fear               Hex            29%        N/A       1%          4
 Inner Flame              Hex/Fire       36%        N/A       2%          3
 Hailstorm                Conj/Ice       30%        3d8       12%         4
 Summon Ice Beast         Ice/Summ       30%        N/A       12%         4
 Frozen Ramparts          Ice            20%        1d4       16%         3
 Vampiric Draining        Necr           5%         2d6       16%         3
 Alistair's Intoxication  Tmut/Pois      6%         N/A       80%         5
 Starburst                Conj/Fire      15%        6d6       88%         6
 Monstrous Menagerie      Summ           25%        N/A       94%         7
 Discord                  Hex            29%        N/A       100%        8


Dungeon Overview and Level Annotations

Branches:
Dungeon (11/15)            Temple (1/1) D:6            Lair (0/6) D:10
  Sewer (visited)
    Orc: D:9-12

Altars:
Ashenzari
Cheibriados
Dithmenos
Elyvilon
Fedhas
Gozag
Hepliaklqana
Kikubaaqudgha
Makhleb
Nemelex Xobeh
Okawaru
Qazlal
Ru
Sif Muna
Trog
Uskayaw
Vehumet
Wu Jian
Xom
Yredelemnul
Zin
The Shining One

Shops:
D:1 :   D:8 *

Annotations:
D:4 2 transporters
D:6 2 transporters, CraigForest's ghost, novice OgGl
D:7 2 transporters


Message History

The freezing wraith is knocked back by the mystic blast.
The freezing wraith closely misses you. The freezing wraith misses you.
Casting: Iskenderun's Mystic Blast (dangerous; 2% risk of failure)
Confirm with . or Enter, or press ? or * to list all spells.
You erupt in a blast of force!
The mystic blast hits the freezing wraith!
The freezing wraith is heavily damaged.
The freezing wraith is knocked back by the mystic blast.
Unknown command.
Casting: Iskenderun's Mystic Blast (dangerous; 2% risk of failure)
Confirm with . or Enter, or press ? or * to list all spells.
You erupt in a blast of force!
The mystic blast hits the freezing wraith.
The freezing wraith is severely damaged.
The freezing wraith is knocked back by the mystic blast.
The freezing wraith closely misses you.
The freezing wraith hits you but does no damage.
The freezing wraith barely misses you. The freezing wraith hits you!
* * * LOW HITPOINT WARNING * * *
The freezing wraith drains your vigour!
You feel as though you will be slow longer.
Casting: Iskenderun's Mystic Blast (dangerous; 2% risk of failure)
Confirm with . or Enter, or press ? or * to list all spells.
You don't have enough magic to cast this spell.
You feel much better. You block the freezing wraith's attack.
The freezing wraith hits you. The freezing wraith drains your vigour!
You feel as though you will be slow longer.
You block the freezing wraith's attack.
The freezing wraith completely misses you.
The two-headed ogre completely misses you.
The two-headed ogre misses you. You block the freezing wraith's attack.
The freezing wraith hits you but does no damage.
The freezing wraith completely misses you.
The freezing wraith closely misses you.
The two-headed ogre hits you with a +0 giant club!
* * * LOW HITPOINT WARNING * * *
The two-headed ogre completely misses you.
There is a stone staircase leading up, spattered with blood here.
The two-headed ogre hits you with a +0 giant club!!
You die...

#.......## #.....# #.# ♣♣≈###..#
#.....# #.# ♣♣≈≈##..# #.....# #.#
≈≈≈P♣...# #._...# #.# ≈≈≈≈P≈#.#
#.....## #.# ≈≈≈≈≈≈P.# ###....#
#.# ≈≈≈≈≈≈≈≈# #....# #.# ###
≈≈≈≈≈≈P≈♣ ##...# #.# ##.#
≈≈≈≈≈≈≈≈♣## ##@## #.# ##.##
≈≈≈≈≈≈≈...######O# #.# ##.##
................W#####.# ##.##
≈≈≈≈≈≈≈.♣##.#.....)[[..###.######
≈P≈≈P≈≈.≈≈...#.>.######...[......
♣♣♣≈≈≈≈.P♣≈....#.# #..##..###. ♣
♣♣≈≈P.≈≈♣≈##.#.# #)##.......
♣≈≈≈.≈≈♣≈.....# #......###.
♣≈≈≈.≈≈♣♣#...## #......###.


You could see a two-headed ogre and a freezing wraith.

Vanquished Creatures
  2 two-headed ogres
  A death knight (D:11)
  A cyclops (D:11)
  The ghost of hawla the Chopper, a novice MiGl (D:5)
  Maurice (D:9)
  Maggie (D:8)
  A komodo dragon (D:10)
  A hornet (D:10)
  A vampire (D:10)
  Sigmund (D:2)
  A shadow (D:11)
  A steam dragon (D:9)
  Menkaure (D:5)
  Purgy (Sewer)
  A sky beast (D:6)
  2 black bears
  An orc warrior (D:9)
  2 ice beasts
  2 ogres
  3 necrophages
  3 centaurs
  A phantom (D:6)
  3 kobold brigands
  2 gnoll sergeants
  2 scorpions
  4 bullfrogs
  A wyvern skeleton (D:5)
  4 wights (D:10)
  3 killer bees (D:9)
  6 howler monkeys
  2 electric eels (D:10)
  5 centaur zombies
  A bullfrog zombie (D:5)
  3 hounds
  3 jellies
  2 orc priests (D:9)
  Crazy Yiuf (D:2)
  2 bullfrog skeletons
  2 centaur skeletons (D:4)
  Ijyb (D:4)
  Terence (D:2)
  4 iguanas
  3 orc wizards (D:9)
  2 howler monkey zombies
  4 adders
  15 gnolls
  3 white imps
  An ufetubus (D:5)
  An adder zombie (D:5)
  2 adder skeletons (D:4)
  3 worms
  3 dart slugs
  14 orcs
  9 ball pythons
  8 bats
  10 endoplasms
  9 giant cockroaches
  7 hobgoblins
  7 jackals
  5 quokkas
  5 frilled lizards
  7 goblins
  23 kobolds
  10 rats
233 creatures vanquished.

Vanquished Creatures (others)
  An orc (D:9)
  8 fulminant prisms
  36 plants
45 creatures vanquished.

Grand Total: 278 creatures vanquished

Notes
Turn   | Place    | Note
-------+----------+-------------------------------------------
     0 | D:1      | porpoise the Deep Elf Conjurer began the quest for the Orb.
     0 | D:1      | Reached XP level 1. HP: 10/10 MP: 6/6
   187 | D:1      | Found Gisur's Book Shop.
   295 | D:1      | Reached XP level 2. HP: 15/15 MP: 1/8
   299 | D:1      | Learned a level 2 spell: Searing Ray
   776 | D:1      | Reached skill level 5 in Conjurations
   776 | D:1      | Reached XP level 3. HP: 19/19 MP: 8/10
  1453 | D:2      | Noticed Terence
  1464 | D:2      | Killed Terence
  1655 | D:2      | Found a runed translucent door.
  1666 | D:2      | Noticed Crazy Yiuf
  1772 | D:2      | Reached XP level 4. HP: 24/24 MP: 7/12
  1903 | D:2      | Noticed Sigmund
  1942 | D:2      | Killed Sigmund
  1943 | D:2      | Reached XP level 5. HP: 28/28 MP: 5/15
  2015 | D:2      | Learned a level 4 spell: Fulminant Prism
  2020 | D:2      | Learned a level 4 spell: Iskenderun's Mystic Blast
  2603 | D:2      | Killed Crazy Yiuf
  2604 | D:2      | Reached skill level 1 in Hexes
  2604 | D:2      | Reached XP level 6. HP: 16/32 MP: 12/17
  2856 | D:3      | Reached skill level 1 in Translocations
  2893 | D:3      | Found a large runed translucent door.
  2893 | D:3      | Found a large runed translucent door.
  2970 | D:3      | Found a faded altar of an unknown god.
  3346 | D:3      | Found a hide-covered altar of Uskayaw.
  3624 | D:3      | Found a broken altar of Ashenzari.
  3937 | D:3      | Found a stormy altar of Qazlal.
  3962 | D:3      | Found an ornate altar of the Wu Jian Council.
  3997 | D:4      | Found a glowing drain.
  4004 | D:4      | Reached skill level 2 in Hexes
  4140 | Sewer    | Entered a sewer
  4264 | Sewer    | Noticed Purgy
  4271 | Sewer    | Killed Purgy
  4272 | Sewer    | Reached skill level 3 in Hexes
  4516 | D:4      | Found a transporter.
  4628 | D:4      | Reached skill level 4 in Hexes
  4628 | D:4      | Reached XP level 7. HP: 36/36 MP: 8/18
  4775 | D:4      | Found a transporter.
  5131 | D:4      | Noticed Ijyb
  5138 | D:4      | Killed Ijyb
  5432 | D:5      | Entered Level 5 of the Dungeon
  5531 | D:5      | Reached skill level 1 in Shields
  5665 | D:5      | You fall into a shaft and drop 3 floors!
  5883 | D:7      | Noticed a boulder beetle
  5883 | D:7      | Found a transporter.
  5883 | D:7      | Found a transporter.
  5883 | D:7      | Found a bloodstained altar of Trog.
  5884 | D:7      | Noticed a kobold demonologist
  5886 | D:7      | Noticed a wraith
  6193 | D:6      | Found a staircase to the Ecumenical Temple.
  6202 | D:6      | Reached XP level 8. HP: 41/41 MP: 12/19
  6273 | Temple   | Entered the Ecumenical Temple
  6472 | Temple   | Became a worshipper of Vehumet
  6685 | D:5      | Reached skill level 5 in Hexes
  6936 | D:5      | Reached skill level 6 in Hexes
  6936 | D:5      | Reached skill level 5 in Translocations
  7037 | D:5      | Found an iron altar of Okawaru.
  7163 | D:5      | Noticed Menkaure
  7170 | D:5      | Killed Menkaure
  7221 | D:5      | Found a runed translucent gate.
  7221 | D:5      | Found a runed translucent gate.
  7221 | D:5      | Found a runed translucent gate.
  7253 | D:5      | Noticed hawla's ghost (novice MiGl)
  7574 | D:6      | Identified the +5 pair of gloves of Rationality {rC+ Str+7
                  | Int-3 Dex+3}
  7587 | D:6      | Learned a level 5 spell: Summon Mana Viper
  7671 | D:6      | Noticed CraigForest's ghost (novice OgGl)
  7672 | D:6      | Found a transporter.
  7682 | D:6      | Identified the +5 great mace of Jutamow {holy, rElec}
  7682 | D:6      | Noticed a two-headed ogre
  7686 | D:6      | Found a transporter.
  7692 | D:6      | Reached skill level 7 in Hexes
  7764 | D:6      | Found a hazy altar of Hepliaklqana.
  7778 | D:6      | Reached * piety under Vehumet
  7778 | D:6      | Offered knowledge of Foxfire by Vehumet.
  7779 | D:6      | Reached skill level 1 in Fighting
  7779 | D:6      | Reached XP level 9. HP: 47/47 MP: 16/21
  8265 | D:6      | Learned a level 6 spell: Invisibility
  8816 | D:7      | You fall into a shaft and drop 2 floors!
  8816 | D:9      | Noticed a two-headed ogre
  8822 | D:8      | Noticed Maggie
  8829 | D:8      | Killed Maggie
  8965 | D:8      | Found Qoash's Elemental Accessories.
  9597 | D:7      | Reached skill level 8 in Hexes
 10079 | D:9      | Reached ** piety under Vehumet
 10079 | D:9      | Offered knowledge of Poisonous Vapours by Vehumet.
 10087 | D:9      | Reached XP level 10. HP: 56/56 MP: 12/22
 10088 | D:9      | Reached skill level 9 in Hexes
 10100 | D:9      | Killed a two-headed ogre
 10101 | D:9      | Reached skill level 5 in Dodging
 10510 | D:9      | Noticed Maurice
 10515 | D:9      | Killed Maurice
 10783 | D:5      | Killed hawla's ghost
 11112 | D:9      | Upgraded the game from 0.28-a0-390-gb254ac4902 to
                  | 0.28-a0-401-ge240ad9e29
 11247 | D:10     | Entered Level 10 of the Dungeon
 11247 | D:10     | Found a snail-covered altar of Cheibriados.
 11665 | D:10     | Found a staircase to the Lair.
 11682 | D:10     | Reached skill level 1 in Evocations
 12074 | D:10     | Offered knowledge of Conjure Flame by Vehumet.
 12476 | D:11     | Noticed a cyclops
 12476 | D:11     | Noticed a two-headed ogre
 12482 | D:11     | Killed a cyclops
 12487 | D:11     | Killed a two-headed ogre
 12488 | D:11     | Reached skill level 5 in Fighting
 12488 | D:11     | Reached XP level 11. HP: 63/63 MP: 4/23
 12658 | D:11     | Noticed a death knight
 12672 | D:11     | Killed a death knight
 12673 | D:11     | Reached skill level 5 in Evocations
 12682 | D:10     | Noticed a two-headed ogre
 12691 | D:10     | Mangled by a two-headed ogre

Illustrated notes

Levels and vault maps discovered:
D:1:      beargit_arrival_diablo_church, layout_rooms, serial_forest,
          infiniplex_forest_straight_5, infiniplex_forest_lined_2,
          infiniplex_forest_lined_ring, infiniplex_forest_lined_room_2,
          infiniplex_forest_zigzag_1, infiniplex_forest_clump_long,
          infiniplex_forest_clump_medium, infiniplex_forest_clump_tiny,
          infiniplex_forest_lined_corner, infiniplex_forest_lined_room_3,
          serial_shops, shop
D:2:      layout_loops_ring, uniq_terence, uniq_sigmund, uniq_crazy_yiuf_cottage
D:3:      layout_loops_ring, jmf_multi_god_temple2,
          nicolae_overflow_crystal_walls, mainiacjoe_overflow_24_doors,
          ebering_ecumenical_altar_rust
D:4:      gammafunk_cloud_chamber, layout_basic, gup_sewer_entry_glass,
          serial_bayou_pond_a, uniq_ijyb
D:5:      layout_cave_pools, okawaru_metal_pillars_1_2,
          gammafunk_ghost_necromancy, uniq_menkaure
D:6:      layout_loops_ring, mainiacjoe_overflow_surrounded_room,
          minmay_temple_entry_ruins, gammafunk_ghost_smash
D:7:      layout_loops_corners, gammafunk_temple_overflow_arena
D:8:      layout_basic, minmay_misc_feat_four_crosses, nicolae_elemental_shop,
          uniq_maggie
D:9:      layout_basic, enter_bailey_2, uniq_maurice
D:10:     layout_loops_cross, overflow_temple_1_default, david_lair_shrubbed,
          serial_bayou_lagoon_b
D:11:     layout_roguey, serial_shops, nicolae_shop_trees,
          hellmonk_guarded_unrand_cigotuvi
Temple:   eino_temple_water

Skill      XL: |  1  2  3  4  5  6  7  8  9 10 11 |
---------------+----------------------------------+-----
Spellcasting   | 4 6 7 |  7.0
Conjurations   | 5 6 7 |  7.0
Hexes          | 1 4 7 8 9 |  9.0
Translocations | 3 5 7 |  7.0
Shields        | 3 4 |  4.0
Summonings     | 2 7 |  7.0
Fighting       | 1 3 5 |  5.0
Dodging        | 3 7 |  7.0
Evocations     | 4 5 |  5.0
Stealth        | 4 |  4.1

Action                   |  1- 3 |  4- 6 |  7- 9 | 10-12 || total
-------------------------+-------+-------+-------+-------++-------
Melee: Short sword       |       |     7 |     2 |       ||     9
 Fire: Hunting sling     |       |       |       |    11 ||    11
Throw: Dart              |     3 |     6 |    14 |     8 ||    31
 Cast: Magic Dart        |    57 |    43 |    42 |       ||   142
       Searing Ray       |     4 |    28 |    66 |    29 ||   127
       Fulminant Prism   |       |     1 |     3 |     4 ||     8
       Iskenderun's Myst |       |       |     2 |    18 ||    20
       Summon Mana Viper |       |       |       |     1 ||     1
Evoke: Wand              |       |       |       |     3 ||     3
  Use: Scroll            |       |       |     9 |     5 ||    14
       Potion            |       |       |       |     3 ||     3
 Stab: Sleeping          |       |       |     1 |       ||     1
Armor: Robe              |     2 |     4 |     4 |       ||    10
       Steam dragon scal |       |       |     3 |     7 ||    10
Dodge: Dodged            |     4 |    25 |    48 |    32 ||   109
Block: Buckler           |       |       |    11 |     6 ||    17

Table legend: (Time is in decaauts)
 A = Elapsed time spent in this place.
 B = Non-inter-level travel time spent in this place.
 C = Inter-level travel time spent in this place.
 D = Time resting spent in this place.
 E = Time spent auto-exploring this place.
 F = Levels seen in this place.
 G = Mean time per level.
                   A        B        C        D        E       F      G
               +--------+--------+--------+--------+--------+-----+--------+
         Total |  12731 |  12101 |    630 |   4637 |   5603 |  13 |  979.3 |
       Dungeon |  12170 |  11572 |    598 |   4456 |   5437 |  11 | 1106.4 |
        Temple |    210 |    178 |     32 |      0 |    166 |   1 |  210.0 |
         Sewer |    350 |    350 |      0 |    181 |      0 |   1 |  350.0 |
               +--------+--------+--------+--------+--------+-----+--------+

Top non-repeatable levels by time:
     D:2: 1619 daAuts
    D:10: 1311 daAuts
     D:6: 1297 daAuts
     D:1: 1214 daAuts
     D:7: 1209 daAuts
     D:5: 1187 daAuts
     D:3: 1160 daAuts
     D:4: 1115 daAuts
     D:9: 1037 daAuts
     D:8: 855 daAuts
   Sewer: 350 daAuts
  Temple: 210 daAuts
    D:11: 161 daAuts
